 Dungeon Crawl Stone Soup version 0.20.1-1-g8b1a95d (webtiles) character file.

1875 Irenicus the Cleaver (level 8, 0/60 HPs)
             Began as a Deep Dwarf Gladiator on Oct 15, 2017.
             Slain by an orc warrior
             ... wielding a +0 flail
              (14 damage)
             ... on level 6 of the Dungeon.
             The game lasted 00:12:57 (3545 turns).

Irenicus the Cleaver (Deep Dwarf Gladiator)         Turns: 3545, Time: 00:12:58

Health: 0/60       AC: 11    Str: 19    XL:     8   Next: 91%
Magic:  8/8        EV: 12    Int:  8    God:
Gold:   376        SH:  0    Dex: 16    Spells: 7/7 levels left

rFire    . . .     SeeInvis .   a - +0 war axe
rCold    . . .     Gourm    +   (no shield)
rNeg     + . .     Faith    .   y - +6 scale mail "Nuel Bial" {rElec rPois rN+ rCorr}
rPois    +         Spirit   .   c - +0 helmet
rElec    +         Reflect  .   (no cloak)
rCorr    +         Harm     .   (no gloves)
MR       +....                  (no boots)
Stlth    ..........             i - amulet of the gourmand
Regen    0.0/turn               (no ring)
MPRegen  0.2/turn               (no ring)

@: non-regenerating
A: damage resistance, heal wounds, talons 1, deformed body, frail 1, sense
surroundings 2, wild magic 1, MP-powered wands, no regeneration
a: Heal Wounds


You were on level 6 of the Dungeon.
You were not hungry.

You visited 1 branch of the dungeon, and saw 6 of its levels.

You collected 376 gold pieces.

Inventory:

Hand Weapons
 a - a +0 war axe (weapon)
Missiles
 d - 4 throwing nets (quivered)
Armour
 b - a +0 leather armour
 c - a +0 helmet (worn)
 y - the +6 scale mail "Nuel Bial" (worn) {rElec rPois rN+ rCorr}
   (You found it on level 4 of the Dungeon)

   It insulates you from electricity.
   It protects you from poison.
   It protects you from negative energy.
   It protects you from acid and corrosion.
Jewellery
 i - an amulet of the gourmand (around neck)
 m - an uncursed amulet of regeneration
Wands
 r - a wand of random effects (20/48)
 A - a wand of paralysis (8/24)
Scrolls
 g - a scroll of remove curse
 k - 2 scrolls of magic mapping {unknown}
 l - 2 scrolls of enchant armour {unknown}
 n - 3 scrolls of identify {unknown}
 o - 2 scrolls of amnesia {unknown}
 u - a scroll of immolation {unknown}
 v - a scroll of random uselessness {unknown}
 x - a scroll of enchant weapon {unknown}
 B - a scroll of recharging {unknown}
Potions
 e - 3 potions of heal wounds
 h - a potion of curing
 p - a potion of lignification
 s - a potion of cancellation {unknown}
 t - a potion of brilliance {unknown}
 w - a potion of magic {unknown}
 z - a potion of haste {unknown}
Comestibles
 f - 4 bread rations
 j - 2 royal jellies
 q - 3 meat rations


   Skills:
 - Level 2.0 Fighting
 + Level 11.5 Axes
 - Level 2.4 Throwing
 + Level 4.4 Armour
 - Level 4.0 Dodging


You had 7 spell levels left.
You didn't know any spells.

Dungeon Overview and Level Annotations

Branches:
Dungeon (6/15)
 Temple: D:4-7

Altars:

Shops:
D:4 =


Innate Abilities, Weirdness & Mutations

You are resistant to damage.
You can heal yourself by infusing magical energy.
You passively map the area around you.
You do not regenerate.
You have sharp toenails.
Armour fits poorly on your strangely shaped body.
You are frail. (-10% HP)
Your spells are a little harder to cast, but a little more powerful.
You expend magic power (3 MP) to strengthen your wands.


Message History

You claw the orc warrior.
The orc warrior is heavily wounded.
The orc warrior closely misses you.
You closely miss the orc warrior. You claw the orc warrior.
The orc warrior is severely wounded.
The orc warrior hits you but does no damage.
You closely miss the orc warrior.
You claw the orc warrior, but do no damage.
The orc warrior is severely wounded.
You hit the orc warrior but do no damage.
You claw the orc warrior, but do no damage.
The orc warrior is severely wounded.
The orc warrior misses you.
You hit the orc warrior but do no damage.
You claw the orc warrior.
The orc warrior is almost dead.
You are no longer poisoned.
The orc warrior closely misses you.
You fail to use your ability.
The orc warrior hits you with a flail!
You die...

.#######......###.####..#**
* .# #..#...#.....##... , .#
#............##.###* , ##
#............##.# , #
#............##.### * *,
########..#...#.....#.... ,
,
..........#...###.#.#..###*
, ,
.................o.......###
*,
########..#..)).@).........#
........(.....###)#.#).#.#.#
* , #######.#.###.#
#.#g#....# * ,* # #.#.# #.#
#.#.#.##.... ,,
#######.#.###.###.#g#.# ,###
, .........<........#.#.#*
#####.#.#.........)g#.# * #
#.#.#####.#.#####!#* * *
#####.#.# #.#.# ,, , ,,


You could see an orc warrior.

Vanquished Creatures
  The ghost of equalderp2856 the Covered, an amateur MiFi (D:5)
  Sigmund (D:2)
  The ghost of tmwrnj the Chopper, an amateur HOFi (D:3)
  A sky beast (D:5)
  An ice beast (D:6)
  3 ogres
  A centaur (D:5)
  A bullfrog (D:6)
  A gnoll sergeant (D:6)
  2 scorpions (D:5)
  3 crimson imps (D:6)
  A centaur skeleton (D:6)
  A hound (D:4)
  3 orc wizards
  A bullfrog skeleton (D:4)
  3 worker ants
  A hound zombie (D:5)
  A hound skeleton (D:4)
  8 gnolls
  7 adders
  An ooze (D:1)
  3 dart slugs
  2 leopard geckos
  17 orcs
  9 bats
  4 giant cockroaches
  7 goblins
  7 hobgoblins
  10 jackals
  4 quokkas
  4 ball pythons
  7 frilled lizards
  10 kobolds
  4 rats
131 creatures vanquished.

Notes
Turn   | Place    | Note
-------+----------+-------------------------------------------
     0 | D:1      | Irenicus the Deep Dwarf Gladiator began the quest for the Orb.
     0 | D:1      | Reached XP level 1. HP: 19/19 MP: 1/1
   231 | D:1      | Reached XP level 2. HP: 26/26 MP: 2/2
   474 | D:1      | Reached skill level 4 in Axes
   555 | D:1      | Reached XP level 3. HP: 22/32 MP: 3/3
  1140 | D:2      | Reached XP level 4. HP: 19/39 MP: 4/4
  1355 | D:2      | Reached skill level 5 in Axes
  1378 | D:2      | Noticed Sigmund
  1396 | D:2      | Killed Sigmund
  1396 | D:2      | Reached skill level 6 in Axes
  1396 | D:2      | Reached XP level 5. HP: 26/45 MP: 5/5
  1604 | D:3      | Reached skill level 7 in Axes
  1604 | D:3      | Reached XP level 6. HP: 30/52 MP: 6/6
  1827 | D:3      | Found a faded altar of an unknown god.
  1837 | D:3      | Noticed tmwrnj's ghost (amateur HOFi)
  1840 | D:3      | Gained mutation: You expend magic power (3 MP) to strengthen your wands. [potion of mutation]
  1840 | D:3      | Gained mutation: You have a pair of small horns on your head. [potion of mutation]
  1840 | D:3      | Gained mutation: Armour fits poorly on your strangely shaped body. [potion of mutation]
  1840 | D:3      | Gained mutation: Your spells are a little harder to cast, but a little more powerful. [potion of mutation]
  1865 | D:3      | Killed tmwrnj's ghost
  2084 | D:3      | Reached skill level 8 in Axes
  2260 | D:4      | Reached XP level 7. HP: 18/60 MP: 7/7
  2410 | D:4      | Reached skill level 9 in Axes
  2473 | D:4      | Got a translucent scale mail
  2517 | D:4      | Found Gaychang's Jewellery Shop.
  2530 | D:4      | Identified the +6 scale mail "Nuel Bial" {rElec rPois rN+ rCorr} (You found it on level 4 of the Dungeon)
  2846 | D:5      | Entered Level 5 of the Dungeon
  2851 | D:5      | Noticed equalderp2856's ghost (amateur MiFi)
  2862 | D:5      | Killed equalderp2856's ghost
  2862 | D:5      | Reached skill level 1 in Armour
  2935 | D:5      | Reached XP level 8. HP: 22/67 MP: 8/8
  3030 | D:5      | Reached skill level 10 in Axes
  3057 | D:5      | Gained mutation: You passively map the area around you. [mutagenic meat]
  3058 | D:5      | Gained mutation: You are frail. (-10% HP) [mutagenic meat]
  3059 | D:5      | Gained mutation: You have sharp toenails. [mutagenic meat]
  3060 | D:5      | Lost mutation: You have a pair of small horns on your head. [mutagenic meat]
  3440 | D:6      | Reached skill level 11 in Axes
  3545 | D:6      | Slain by an orc warrior

Skill      XL: |  1  2  3  4  5  6  7  8 |
---------------+-------------------------+-----
Axes           | 4 6 7 8 9 11 | 11.5
Fighting       | 2 |  2.0
Dodging        | 4 |  4.0
Throwing       | 2 |  2.4
Armour         | 1 4 |  4.4

Action                   |  1- 3 |  4- 6 |  7- 9 || total
-------------------------+-------+-------+-------++-------
Melee: War axe           |   131 |   107 |   161 ||   399
       Headbutt          |       |     6 |    27 ||    33
       Kick              |       |       |    22 ||    22
Throw: Throwing net      |       |     1 |       ||     1
 Abil: Heal Wounds       |       |     1 |     3 ||     4
  Use: Potion            |       |     5 |     4 ||     9
       Scroll            |       |     1 |       ||     1
 Stab: Sleeping          |     1 |     2 |       ||     3
       Held in net/web   |       |     2 |       ||     2
  Eat: Chunk             |     1 |     6 |    10 ||    17
Armor: Leather armour    |    42 |    14 |     1 ||    57
       Skin              |       |    19 |       ||    19
       Scale mail        |       |       |    25 ||    25
Dodge: Dodged            |   128 |    54 |   100 ||   282
